Map: Odyssey LE

Players

Primal

  • Race: Protoss Protoss
  • League: Diamond
  • Spawn Location: 11:00

FisterRoboto - Winner!

  • Race: Zerg Zerg
  • League: Diamond
  • Spawn Location: 5:00

VOD

Have the link to the VOD?

Description

Time

  • Played on: Jan. 18, 2018, 9:04 p.m.
  • Length: 10:03
Show
View Real Time Build Order
Export as new Build Order

Primal Protoss 

Build Orders: 1 Gate Expand 

Get SALT Encoding   

  12  0:01  Probe  
  13  0:13  Probe  
  14  0:20  Pylon  
  14  0:25  Probe  
  15  0:38  Probe (Chrono Boost)  
  15  0:40  Gateway  
  16  0:49  Probe (Chrono Boost)  
  17  0:50  Assimilator  
  17  0:53  Probe (Chrono Boost)  
  18  1:04  Probe  
  19  1:22  Nexus  
  19  1:31  Probe  
  19  1:32  Zealot (Chrono Boost)  
  21  1:49  Cybernetics Core  
  21  1:50  Zealot (Chrono Boost)  
  23  1:57  Pylon  
  23  2:15  Assimilator, Probe  
  24  2:24  Adept (Chrono Boost)  
  24  2:27  Warp Gate  
  26  2:34  Probe  
  27  2:39  Gateway  
  27  2:41  Probe  
  27  2:43  Adept (Chrono Boost)  
  28  2:49  Gateway  
  28  2:50  Probe  
  31  2:56  Probe  
  32  3:02  Probe  
  33  3:08  Probe  
  33  3:09  Stalker (Chrono Boost)  
  36  3:14  Probe  
  36  3:17  Twilight Council  
  37  3:20  Probe  
  37  3:26  Probe  
  39  3:35  Stalker (Chrono Boost)  
  41  3:41  Probe  
  41  3:46  Probe  
  41  3:48  Stalker  
  41  3:51  Shield Battery  
  41  3:53  Probe  
  42  3:57  Pylon  
  42  3:59  Probe  
  43  4:12  Dark Shrine  
  43  4:13  Probe  
  44  4:21  Shield Battery  
  44  4:27  Probe  
  44  4:31  Probe  
  44  4:34  Adept x3  
  50  4:39  Probe  
  50  4:44  Probe  
  52  4:47  Resonating Glaives (Chrono Boost)  
  52  4:51  Probe  
  53  4:56  Probe  
  54  5:02  Pylon  
  54  5:07  Gateway  
  54  5:08  Gateway  
  54  5:10  Gateway  
  54  5:11  Gateway  
  54  5:13  Gateway  
  54  5:18  Assimilator  
  54  5:20  Pylon  
  54  5:22  Adept x2  
  54  5:26  Dark Templar  
  60  5:38  Probe  
  61  5:45  Dark Templar x2  
  65  5:52  Probe  
  58  6:13  Dark Templar  
  58  6:15  Adept x4  
  66  6:24  Probe  
  67  6:32  Nexus, Adept  
  67  6:33  Pylon  
  69  6:55  Assimilator  
  69  6:56  Adept  
  69  6:57  Adept x3  
  69  6:58  Pylon  
  69  7:00  Pylon x2  
  77  7:10  Probe  
  77  7:15  Robotics Facility x2  
  78  7:16  Probe  
  78  7:20  Adept x4  
  87  7:34  Probe x2  
  89  7:45  Probe  
  89  7:46  Probe  
  91  7:53  Pylon  
  91  7:54  Pylon  
  91  7:55  Probe  
  92  8:00  Templar Archives  
  90  8:07  Pylon  
  90  8:08  Pylon  
  84  8:13  Immortal x2 (Chrono Boost)  
  84  8:14  Probe (Chrono Boost)  
  84  8:15  Probe (Chrono Boost)  
  91  8:20  Probe (Chrono Boost)  
  91  8:22  Forge  
  91  8:24  Forge  
  91  8:27  Pylon  
  89  8:28  Pylon  
  89  8:29  Probe  
  89  8:30  Zealot, Probe  
  89  8:31  Probe  
  94  8:35  Dark Templar x2  
  94  8:40  Assimilator  
  98  8:41  Probe  
  98  8:42  Probe  
  98  8:43  Assimilator, Probe  
  98  8:45  Pylon  
  101  8:51  Immortal (Chrono Boost)  
  105  9:02  Stalker x4  
  103  9:05  Stalker  
  103  9:08  Stalker  
  95  9:12  Stalker  
  79  9:19  Dark Templar  
  79  9:23  Probe  
  72  9:37  Dark Templar  
  70  9:43  Zealot x4  
  70  9:44  Zealot  
  73  9:55  Dark Templar x2  
Show
View Real Time Build Order
Export as new Build Order

FisterRoboto Zerg - Winner!

Build Orders: Hatch First 

Get SALT Encoding   

  12  0:02  Drone  
  13  0:15  Overlord  
  13  0:16  Drone  
  14  0:33  Drone x2  
  16  0:38  Drone  
  17  0:53  Hatchery  
  16  0:57  Drone  
  16  0:59  Drone  
  18  1:12  Extractor  
  18  1:14  Spawning Pool  
  18  1:17  Drone  
  17  1:20  Drone  
  18  1:39  Drone  
  19  1:50  Hatchery  
  18  1:54  Drone  
  19  2:05  Queen  
  19  2:08  Drone  
  22  2:11  Drone  
  22  2:14  Drone  
  24  2:21  Metabolic Boost  
  24  2:26  Drone  
  25  2:33  Overlord  
  25  2:37  Zergling x2  
  25  2:39  Zergling x2  
  25  2:42  Zergling x2  
  28  2:52  Drone x3  
  28  2:55  Queen  
  33  3:00  Drone  
  33  3:01  Drone  
  33  3:05  Drone  
  36  3:06  Evolution Chamber  
  36  3:08  Drone  
  36  3:11  Zergling x2  
  36  3:12  Zergling x2  
  38  3:18  Zergling x6  
  38  3:19  Zergling x2  
  42  3:24  Overlord  
  42  3:39  Spore Crawler  
  41  3:48  Drone x7  
  41  3:52  Extractor  
  41  3:54  Drone  
  48  4:07  Drone x2  
  48  4:08  Overlord x2  
  50  4:12  Overlord x2  
  49  4:26  Queen x3  
  54  4:31  Drone  
  54  4:32  Drone x2, Roach Warren  
  54  4:33  Extractor  
  54  4:34  Drone x2  
  52  4:51  Spore Crawler  
  52  4:52  Spore Crawler  
  49  4:53  Spore Crawler  
  49  4:54  Drone  
  49  4:55  Drone x5  
  49  4:59  Overlord  
  54  5:07  Drone x3  
  54  5:12  Queen  
  61  5:14  Roach  
  61  5:19  Hatchery  
  61  5:20  Roach  
  61  5:21  Roach  
  64  5:23  Lair  
  64  5:24  Roach  
  64  5:27  Queen  
  68  5:34  Zergling x4  
  68  5:35  Roach x3  
  76  5:38  Zerg Melee Weapons Level 1  
  76  5:39  Roach  
  76  5:40  Roach  
  76  5:41  Baneling Nest  
  79  5:44  Roach  
  79  5:48  Overlord x2  
  81  6:03  Zergling x2  
  82  6:08  Roach x8  
  94  6:22  Overseer  
  94  6:23  Pneumatized Carapace  
  94  6:24  Drone  
  94  6:25  Drone x3, Overlord x2  
  98  6:26  Overlord x3  
  98  6:35  Glial Reconstitution  
  98  6:37  Drone x5  
  103  6:46  Hatchery  
  102  6:50  Drone x5  
  107  6:55  Drone  
  107  6:56  Drone x3  
  111  7:08  Centrifical Hooks  
  111  7:13  Hydralisk Den  
  111  7:14  Drone  
  111  7:15  Drone  
  112  7:18  Drone, Extractor  
  112  7:19  Drone x5, Extractor  
  112  7:20  Drone x3  
  119  7:24  Queen  
  121  7:30  Roach x4  
  121  7:33  Roach  
  121  7:35  Roach  
  121  7:36  Roach  
  135  7:37  Overseer  
  135  7:41  Roach  
  135  7:42  Zergling x2  
  138  7:50  Roach x3  
  144  7:55  Overlord x2  
  144  7:56  Overlord x7  
  143  8:10  Zergling x2  
  143  8:11  Zergling x12  
  150  8:20  Muscular Augments  
  150  8:24  Drone  
  150  8:25  Drone x8  
  159  8:32  Drone x6  
  165  8:39  Roach, Hatchery  
  165  8:40  Roach x2  
  170  8:50  Roach  
  170  8:51  Zergling x14  
  170  9:03  Roach x13  
  182  9:14  Hydralisk x5  
  180  9:22  Overseer x5  
  180  9:23  Hydralisk  
  180  9:24  Hydralisk  
  180  9:25  Zergling x8  
  180  9:30  Hydralisk  
  178  9:39  Hydralisk  
  178  9:42  Zergling x10  
Tags
 
Add a new tag
Caveats
  • Supply blocks, unpowered buildings, or Contaminate may cause inaccurate times.
  • Supply counts are checked every 10 seconds.